 Dungeon Crawl Stone Soup version 0.22-a0-460-g49b1da7 (webtiles) character file.

42 Espgualade the Skirmisher (level 3, -2/23 HPs)
             Began as a Tengu Ice Elementalist on June 9, 2018.
             Slain by Natasha (9 damage)
             ... on level 2 of the Dungeon.
             The game lasted 00:03:07 (1687 turns).

Espgualade the Skirmisher (Tengu Ice Elementalist)  Turns: 1687, Time: 00:03:07

Health: -2/23      AC:  3    Str:  8    XL:     3   Next: 56%
Magic:  2/7        EV: 12    Int: 16    God:
Gold:   92         SH:  0    Dex: 14    Spells: 5/6 levels left

rFire    . . .     SeeInvis .   d - +0 dagger
rCold    . . .     Gourm    .   (no shield)
rNeg     . . .     Faith    .   a - +1 robe
rPois    .         Spirit   .   (helmet restricted)
rElec    .         Reflect  .   (no cloak)
rCorr    .         Harm     .   (no gloves)
MR       .....                  (boots unavailable)
Stlth    ++........             (no amulet)
HPRegen  0.07/turn              (no ring)
MPRegen  0.10/turn              (no ring)

@: no status effects
A: beak, talons 3
a: no special abilities


You were on level 2 of the Dungeon.
You were hungry.

You visited 1 branch of the dungeon, and saw 3 of its levels.

You collected 92 gold pieces.

Inventory:

Hand Weapons
 d - a +0 dagger (weapon)
Armour
 a - a +1 robe (worn)
Scrolls
 b - a scroll of magic mapping
 e - a scroll of identify
Comestibles
 c - a ration


   Skills:
 + Level 3.1 Fighting
 - Level 2.1 Dodging
 - Level 2.0 Stealth
 - Level 2.0 Spellcasting
   Level 1.3 Conjurations
 - Level 2.6 Ice Magic


You had 5 spell levels left.
You knew the following spells:

 Your Spells              Type           Power        Failure   Level  Hunger
a - Freeze                Ice            ##..         7%          1    #......

Your spell library contained the following spells:

 Spells                   Type           Power        Failure   Level  Hunger
 Throw Frost              Conj/Ice       #.....       14%         2    ###....
 Summon Ice Beast         Ice/Summ       #.......     75%         4    #####..
 Ozocubu's Armour         Chrm/Ice       #.......     34%         3    ###....
 Throw Icicle             Conj/Ice       #.......     65%         4    #####..


Dungeon Overview and Level Annotations

Branches:
Dungeon (3/15)

Altars:

Annotations:
D:2 Natasha; Terence
D:3 Ijyb; bogs101's ghost, weakling DEWz


Innate Abilities, Weirdness & Mutations

You have a beak for a mouth.
You have claws for feet.


Message History

Natasha mewls in sadness.
Natasha closely misses you.
Casting: Freeze (safe; 7% risk of failure)
Confirm with . or Enter, or press ? or * to list all spells.
Aiming: Freeze (safe; 7% risk of failure)
Press: ? - help, Shift-Dir - straight line, f - Natasha
Aim: Natasha You freeze Natasha.
Natasha is heavily wounded.
Natasha claws you!
Casting: Freeze (safe; 7% risk of failure)
Confirm with . or Enter, or press ? or * to list all spells.
Aiming: Freeze (safe; 7% risk of failure)
Press: ? - help, Shift-Dir - straight line, f/p - Natasha
Aim: Natasha (heavily wounded)
You freeze Natasha.
Natasha is heavily wounded.
Natasha barely misses you. Natasha claws you!
You die...

##########.#.# .#†#
#.......##.#.#.##.#w#
#.#####.##.#......#.#
#.#
#.##.#.#....#.#####..
#.#
#.##.#.......>.......
#.#
#.##.#%.<...#.#####..
#.# #.##.#.....##.#
#.# #....h........#
#.# ####@#.....#..#
#.# #.#.#......# #.#
#.#.+......#
#.########.#.# .....
#.#........#.. ..
#.#........#.# .
#.'........#..
###.......##
#.......#


You could see Natasha.

Vanquished Creatures
  2 adders (D:2)
  A worm (D:2)
  4 bats
  A giant cockroach (D:1)
  4 goblins
  4 hobgoblins
  2 kobolds (D:1)
  3 rats (D:1)
21 creatures vanquished.

Notes
Turn   | Place    | Note
-------+----------+-------------------------------------------
     0 | D:1      | Espgualade the Tengu Ice Elementalist began the quest for the Orb.
     0 | D:1      | Reached XP level 1. HP: 10/10 MP: 4/4
    67 | D:1      | Reached skill level 1 in Fighting
    98 | D:1      | Reached XP level 2. HP: 11/16 MP: 3/6
   790 | D:1      | Reached skill level 2 in Fighting
  1232 | D:2      | Reached XP level 3. HP: 16/22 MP: 0/7
  1579 | D:2      | Noticed Terence
  1591 | D:3      | Noticed Ijyb
  1591 | D:3      | Noticed bogs101's ghost (weakling DEWz)
  1595 | D:2      | Noticed Natasha
  1610 | D:2      | Reached skill level 3 in Fighting
  1687 | D:2      | Slain by Natasha

Vault maps used:
D:1:      ebering_trefoil_3fold, minmay_distorted
D:2:      gammafunk_temple_overflow_elements, uniq_natasha, uniq_terence
D:3:      makhleb_heckhound_becter, chequers_ecumenical_altar_lobes,
          roderic_batcave, grunt_ministairs_11, item_on_display_a, uniq_ijyb

Skill      XL: |  1  2  3 |
---------------+----------+-----
Fighting       | 1 2 3 |  3.1
Dodging        | |  2.1
Stealth        | |  2.0
Spellcasting   | |  2.0
Conjurations   | |  1.3
Ice Magic      | |  2.6

Action                   || total
-------------------------++-------
Melee: Unarmed           ||     4
       Dagger            ||    45
       Kick              ||    11
       Peck              ||     6
 Cast: Freeze            ||    25
  Use: Potion            ||     2
       Scroll            ||     2
 Stab: Sleeping          ||     2
  Eat: Chunk             ||     2
Armor: Robe              ||     6
Dodge: Dodged            ||    45

Table legend:
 A = Spawn XP
 B = Non-spawn XP
 C = Spawn XP percentage of total XP
 D = Spawn monster count
 E = Non-spawn monster count
 F = Spawn count percentage of total count
 G = Total turns spent on level
                    A         B        C        D         E        F      G
               +---------+---------+-------+---------+---------+-------+---------
         Total |       0 |      61 |   0.0 |       0 |      21 |   0.0 |  1687
               +---------+---------+-------+---------+---------+-------+---------
           D:1 |       0 |      24 |   0.0 |       0 |      14 |   0.0 |  1178
           D:2 |       0 |      37 |   0.0 |       0 |       7 |   0.0 |   505
               +---------+---------+-------+---------+---------+-------+---------
